 Dungeon Crawl Stone Soup version 0.19.0-22-gd96e5fe (webtiles) character file.

39 Jannitor the Charmwright (level 3, -5/28 HPs)
             Began as a Demonspawn Skald on Nov 18, 2016.
             Slain by Blork the orc
             ... wielding a +0 glaive
              (11 damage)
             ... on level 4 of the Dungeon.
             The game lasted 00:06:12 (2027 turns).

Jannitor the Charmwright (Demonspawn Skald)         Turns: 2027, Time: 00:06:12

Health: -5/28      AC:  3    Str: 12    XL:     3   Next: 28%
Magic:  12/15      EV: 11    Int: 14    God:
Gold:   62         SH:  0    Dex: 12    Spells: 2 memorised, 3 levels left

rFire  . . .     SeeInvis .     a - +0 falchion
rCold  . . .     Gourm    .     b - +0 leather armour
rNeg   . . .     Faith    .     (no shield)
rPois  .         Spirit   .     (no helmet)
rElec  .         Reflect  .     (no cloak)
rCorr  .         Harm     .     (no gloves)
MR     .....                    (no boots)
Stlth  +.........               (no amulet)
                                (no ring)
                                n - ring of magical power

@: infused (expiring)
A: claws 1, demonic guardian 1
a: no special abilities


You were on level 4 of the Dungeon.
You were hungry.

You visited 1 branch of the dungeon, and saw 4 of its levels.

You collected 62 gold pieces.

Inventory:

Hand Weapons
 a - a +0 falchion (weapon)
Armour
 b - a +0 leather armour (worn)
Jewellery
 e - an uncursed ring of wizardry {unknown}
 n - a ring of magical power (left claw)
Scrolls
 f - 2 scrolls of fear {unknown}
 g - a scroll of teleportation {unknown}
 h - a scroll of identify {unknown}
 k - a scroll of amnesia {unknown}
Books
 c - a book of Battle

   Spells                             Type                      Level
   a - Infusion                       Charms                       1
   b - Shroud of Golubria             Charms/Translocation         2
   c - Song of Slaying                Charms                       2
   d - Spectral Weapon                Hexes/Charms                 3
   e - Regeneration                   Charms/Necromancy            3
Comestibles
 d - a bread ration
 i - a meat ration
 j - a beef jerky


   Skills:
 + Level 2.4 Fighting
 * Level 2.6 Long Blades
 - Level 0.8 Armour
 - Level 0.8 Dodging
 - Level 2.0 Spellcasting
 * Level 3.1 Charms


You had 3 spell levels left.
You knew the following spells:

 Your Spells              Type           Power        Failure   Level  Hunger
a - Infusion              Chrm           ##..         10%         1    ##.....
b - Shroud of Golubria    Chrm/Tloc      #.........   24%         2    ###....


Dungeon Overview and Level Annotations

Branches:
Dungeon (4/15)
 Temple: D:4-7

Altars:

Annotations:
D:2 Sigmund
D:3 moozooh's ghost, amateur TrFi
D:4 Blork the orc


Innate Abilities, Weirdness & Mutations

You have sharp fingernails.
A weak demonic guardian rushes to your aid.


Message History

You swap places.
Blork the orc mumbles some strange words.
Blork the orc gestures at you while chanting.
The puff of frost hits you!
You hit Blork the orc.
Blork the orc is moderately wounded.
Blork the orc closely misses you.
You barely miss Blork the orc.
Blork the orc is moderately wounded.
Your shroud begins to fray at the edges.
Blork the orc begins to cast a cantrip, but forgets the words!
Blork the orc hits you with a glaive!
* * * LOW HITPOINT WARNING * * *
Your shroud falls apart!
Your shadow imp hits Blork the orc.
You hit Blork the orc.
Blork the orc is severely wounded.
Your magical infusion is running out.
Blork the orc hits you with a glaive!
You die...

#######
##.....#
......5######
#.......#
#5@####.##
#o>..##..#
#...<....#
#..#.###..#
........ #
.#####.#.. #.
### #.. ##


You could see Blork the orc and 2 friendly shadow imps.

Vanquished Creatures
  A worm (D:1)
  2 dart slugs
  2 leopard geckos (D:1)
  7 goblins
  3 hobgoblins
  5 kobolds
  A bat (D:1)
  2 frilled lizards
  7 rats
30 creatures vanquished.

Notes
Turn   | Place    | Note
-------+----------+-------------------------------------------
     0 | D:1      | Jannitor the Demonspawn Skald began the quest for the Orb.
     0 | D:1      | Reached XP level 1. HP: 16/16 MP: 3/3
   145 | D:1      | Gained mutation: A weak demonic guardian rushes to your aid. [demonic ancestry]
   145 | D:1      | Reached XP level 2. HP: 17/22 MP: 5/5
   343 | D:1      | Reached skill level 3 in Charms
  1182 | D:1      | Learned a level 2 spell: Shroud of Golubria
  1186 | D:2      | Gained mutation: You have sharp fingernails. [demonic ancestry]
  1186 | D:2      | Reached XP level 3. HP: 28/28 MP: 6/6
  1349 | D:2      | HP: 1/28 [worm (10)]
  1693 | D:2      | Noticed Sigmund
  1960 | D:3      | Noticed moozooh's ghost (amateur TrFi)
  2015 | D:4      | Noticed Blork the orc
  2027 | D:4      | Slain by Blork the orc

Skill      XL: |  1  2 |
---------------+-------+-----
Long Blades    | 2 |  2.6
Charms         | 3 |  3.1
Fighting       | |  2.4
Armour         | |  0.8
Dodging        | |  0.8
Spellcasting   | |  2.0

Action                   || total
-------------------------++-------
Melee: Falchion          ||    97
 Cast: Infusion          ||     4
       Shroud of Golubri ||     2
  Use: Potion            ||     3
  Eat: Chunk             ||     3
Armor: Leather armour    ||    13
Dodge: Dodged            ||    62
       Rpst.: Falchion   ||    24
